[Event "Titled Tuesday Blitz July 11 Early 2023"]
[White "Wesolowska, Hanna"]
[Black "Rodchenkov, Sergey D."]
[WhiteFideId "1104683"]
[BlackFideId "4168712"]
[WhiteElo "2144"]
[BlackElo "2549"]
[Result "0-1"]
[Round "1"]
[TimeControl "180+2"]
[Date "2023.07.11"]
[WhiteClock "0:01:36"]
[BlackClock "0:02:17"]
[Board "201"]

1. e4 c5 2. Nc3 d6 3. g3 g6 4. Bg2 Bg7 5. d3 Nc6 6. Be3 Rb8 7. Qd2 Nd4 8. Nd1 b5 9. c3 Nc6 10. Ne2 h5 11. h4 Bg4 12. f3 Bd7 13. Nf2 e6 14. O-O Nge7 15. d4 cxd4 16. cxd4 d5 17. e5 Nf5 18. Bg5 f6 19. exf6 Bxf6 20. Rfe1 O-O 21. Nf4 Bxg5 22. hxg5 Qxg5 23. g4 hxg4 24. Nxg4 Nfxd4 25. Nxe6 0-1


[Site "https://www.chess.com"]

[Event "Titled Tuesday Blitz July 11 Early 2023"]
[White "Leon Oquendo, Jorge"]
[Black "Ho, In Hei Henry"]
[WhiteFideId "3514803"]
[BlackFideId "6002552"]
[WhiteElo "2548"]
[BlackElo "2143"]
[Result "1-0"]
[Round "1"]
[TimeControl "180+2"]
[Date "2023.07.11"]
[WhiteClock "0:01:30"]
[BlackClock "0:00:42"]
[Board "202"]

1. d4 d5 2. c4 c6 3. Nf3 Nf6 4. e3 e6 5. Nbd2 Bd6 6. Bd3 O-O 7. b3 Nbd7 8. Bb2 b6 9. O-O Ba6 10. Ne5 Qc7 11. f4 g6 12. Rc1 dxc4 13. Ndxc4 Bxe5 14. fxe5 Bxc4 15. bxc4 Ne8 16. Qf3 c5 17. Qxa8 Ng7 18. Qf3 Qc8 19. d5 exd5 20. cxd5 Qe8 21. Bb5 a6 22. Bxd7 Qxd7 23. e6 Qb7 24. exf7+ Rxf7 25. Qxf7+ Qxf7 26. Rxf7 Kxf7 27. Bxg7 Kxg7 28. d6 1-0


[Site "https://www.chess.com"]

[Event "Titled Tuesday Blitz July 11 Early 2023"]
[White "Cardenas Carbajal, Nilson"]
[Black "Jaskolka, Tomasz"]
[WhiteFideId "8401128"]
[BlackFideId "1170791"]
[WhiteElo "2138"]
[BlackElo "2548"]
[Result "0-1"]
[Round "1"]
[TimeControl "180+2"]
[Date "2023.07.11"]
[WhiteClock "0:00:00"]
[BlackClock "0:00:16"]
[Board "203"]

1. e4 d5 2. exd5 Nf6 3. d4 Bg4 4. Bb5+ c6 5. dxc6 Nxc6 6. Ne2 Qa5+ 7. Nbc3 O-O-O 8. Be3 e5 9. d5 Rxd5 10. Bd3 e4 11. O-O exd3 12. cxd3 Rd8 13. Rc1 Bd6 14. d4 Kb8 15. Qb3 Rhe8 16. Rc2 Be6 17. Qb5 Qxb5 18. Nxb5 Nd5 19. Bg5 Be7 20. Bd2 a6 21. Nbc3 Bf6 22. Be3 Bf5 23. Rcc1 Bg6 24. Rfe1 Nxe3 25. fxe3 Rxe3 26. d5 Nd4 27. Nxd4 Bxd4 0-1


[Site "https://www.chess.com"]

[Event "Titled Tuesday Blitz July 11 Early 2023"]
[White "Shubenkova, Veronika"]
[Black "Grigoryan, Meri"]
[WhiteFideId "44124040"]
[BlackFideId "13300571"]
[WhiteElo "2547"]
[BlackElo "2132"]
[Result "1-0"]
[Round "1"]
[TimeControl "180+2"]
[Date "2023.07.11"]
[WhiteClock "0:00:46"]
[BlackClock "0:00:17"]
[Board "204"]

1. e4 e5 2. Nf3 Nc6 3. Bb5 f5 4. Bxc6 dxc6 5. Qe2 Bd6 6. exf5 Bxf5 7. d4 e4 8. Nfd2 Qe7 9. Nc4 Nf6 10. Bg5 O-O-O 11. Nbd2 h6 12. Bxf6 Qxf6 13. Nb3 Rhe8 14. h4 Bb4+ 15. c3 Bd6 16. O-O-O Bf4+ 17. Ne3 h5 18. Kb1 Bg6 19. g4 Qf7 20. Rdg1 Rf8 21. Rg2 Bxe3 22. fxe3 hxg4 23. Qxg4+ Bf5 24. Qxg7 Qc4 25. Nc5 b6 26. Nb3 Be6 27. Qe5 Rf3 28. Nc1 Rdf8 29. Rg7 R8f7 30. Rxf7 Rxf7 31. h5 a5 32. h6 a4 33. h7 a3 34. h8=Q+ Kb7 35. Rh2 axb2 36. Rxb2 Rf1 37. Rxb6+ Kxb6 38. Qb8+ Ka6 39. Qa8+ Kb6 40. Qea5# 1-0


[Site "https://www.chess.com"]

[Event "Titled Tuesday Blitz July 11 Early 2023"]
[White "Roque Sola, Jose Luis"]
[Black "Demin, Vladimir"]
[WhiteFideId "5120390"]
[BlackFideId "4167457"]
[WhiteElo "2127"]
[BlackElo "2545"]
[Result "0-1"]
[Round "1"]
[TimeControl "180+2"]
[Date "2023.07.11"]
[WhiteClock "0:00:00"]
[BlackClock "0:00:11"]
[Board "205"]

1. c4 e6 2. Nf3 Nf6 3. Nc3 d5 4. d4 c5 5. cxd5 cxd4 6. Nxd4 Nxd5 7. e4 Nxc3 8. bxc3 Bc5 9. Be3 Qh4 10. Bb5+ Bd7 11. Bxd7+ Nxd7 12. Qd3 Qg4 13. O-O O-O 14. h3 Qg6 15. Nf3 Rfd8 16. Rad1 Be7 17. Qc2 h6 18. Rd4 Nf6 19. Rfd1 Rxd4 20. Rxd4 Bc5 21. Rc4 Bxe3 22. fxe3 b5 23. Rd4 Rc8 24. Qd3 Kh7 25. Ne5 Qg3 26. Nxf7 Rf8 27. Nd6 e5 0-1


[Site "https://www.chess.com"]

[Event "Titled Tuesday Blitz July 11 Early 2023"]
[White "Ismagilov, Damir"]
[Black "Sailer, Mike"]
[WhiteFideId "34199982"]
[BlackFideId "2012901"]
[WhiteElo "2543"]
[BlackElo "2124"]
[Result "0-1"]
[Round "1"]
[TimeControl "180+2"]
[Date "2023.07.11"]
[WhiteClock "0:00:00"]
[BlackClock "0:00:04"]
[Board "206"]

1. b4 e5 2. Bb2 Bxb4 3. Bxe5 Nf6 4. Nf3 d5 5. e3 O-O 6. Be2 Re8 7. O-O c5 8. Bb2 Nc6 9. d4 c4 10. Nc3 a6 11. h3 h6 12. a3 Bd6 13. Na4 Bf5 14. Nc5 b6 15. Nb7 Qc7 16. Nxd6 Qxd6 17. Ne5 b5 18. f4 Ne4 19. Bf3 Ng3 20. Re1 a5 21. Qd2 b4 22. axb4 axb4 23. Nxc6 Qxc6 24. Qxb4 Bxc2 25. Qc5 Qxc5 26. dxc5 Rxa1 27. Bxa1 Be4 28. Kf2 Nf5 29. Bxe4 Rxe4 30. g4 Ne7 31. Rd1 Kf8 32. Be5 f6 33. Bd6 c3 34. Ke2 c2 35. Rc1 Rc4 36. Kd3 Ke8 37. Bxe7 Kxe7 38. Rxc2 Ra4 39. c6 Kd8 40. c7+ Kc8 41. Rc5 Ra1 42. Rxd5 Kxc7 43. Ke4 Rh1 44. Ra5 Rxh3 45. Ra7+ Kd6 46. Rxg7 h5 47. g5 fxg5 0-1


[Site "https://www.chess.com"]

[Event "Titled Tuesday Blitz July 11 Early 2023"]
[White "Horokoskii"]
[Black "Djabri, Massinas"]
[BlackFideId "7905726"]
[WhiteElo "2123"]
[BlackElo "2543"]
[Result "1/2-1/2"]
[Round "1"]
[TimeControl "180+2"]
[Date "2023.07.11"]
[WhiteClock "0:00:12"]
[BlackClock "0:00:47"]
[Board "207"]

1. d4 Nf6 2. c4 e6 3. g3 d5 4. Bg2 dxc4 5. Nf3 c5 6. Qa4+ Nc6 7. O-O Bd7 8. dxc5 Bxc5 9. Qxc4 Bb6 10. Nc3 O-O 11. Rd1 Qe7 12. Bg5 Rfd8 13. Na4 Na5 14. Qh4 Bxa4 15. Qxa4 h6 16. Bd2 Nc6 17. Bc3 Nd5 18. Be1 Nc7 19. Rac1 Rxd1 20. Rxd1 Rd8 21. Rxd8+ Qxd8 22. Qc2 Nb5 23. a4 Nbd4 24. Nxd4 Nxd4 25. Qd3 Nc6 26. Bxc6 Qxd3 27. exd3 bxc6 28. Kf1 Kf8 29. Bc3 g6 30. Ke2 Ke7 31. b3 Kd6 32. Bb4+ Kd5 33. Bc3 Bd4 34. Bd2 h5 35. f3 a6 36. g4 Be5 37. h3 Bf6 38. Be1 Be5 39. Bf2 Bf4 40. Bb6 f5 41. Ba7 hxg4 42. hxg4 Be5 43. Bf2 Bd4 44. Be1 Ke5 45. Bg3+ Kf6 46. Bh4+ g5 47. Be1 Ke5 48. Bg3+ Kd5 49. Bc7 Bc3 50. Bd8 fxg4 51. fxg4 e5 52. Bxg5 e4 53. dxe4+ Kxe4 54. Bd2 Bg7 55. g5 c5 56. Bc1 c4 57. bxc4 Bf8 58. g6 Kd4 59. Bb2+ Kxc4 60. g7 Bxg7 61. Bxg7 Kb4 62. Kd2 Kxa4 63. Kc2 Ka3 64. Kb1 a5 65. Ka1 a4 66. Bf8+ Kb3 67. Bg7 Ka3 68. Bf8+ Kb3 69. Bg7 a3 70. Bf8 a2 71. Ba3 Ka4 72. Kxa2 1/2-1/2


[Site "https://www.chess.com"]

[Event "Titled Tuesday Blitz July 11 Early 2023"]
[White "Mortazavi, Ali"]
[Black "Ishowmoves57"]
[WhiteFideId "401323"]
[WhiteElo "2539"]
[BlackElo "2118"]
[Result "1-0"]
[Round "1"]
[TimeControl "180+2"]
[Date "2023.07.11"]
[WhiteClock "0:00:28"]
[BlackClock "0:00:15"]
[Board "208"]

1. Nf3 d5 2. g3 Nf6 3. Bg2 e6 4. O-O Be7 5. d3 O-O 6. Nbd2 Nc6 7. e4 dxe4 8. dxe4 e5 9. c3 b6 10. Re1 Bg4 11. h3 Bh5 12. Qc2 Qd7 13. Nh4 Rad8 14. Nf5 Bg6 15. Nxe7+ Qxe7 16. Nf3 Nb8 17. Nh4 Nbd7 18. b4 c5 19. a3 Rc8 20. Qb3 Qd6 21. Nf5 Bxf5 22. exf5 c4 23. Qd1 Qxd1 24. Rxd1 Rfd8 25. g4 h6 26. Be3 Nb8 27. a4 Rxd1+ 28. Rxd1 Kf8 29. a5 Nbd7 30. a6 Ke7 31. Kf1 Rd8 32. Ke2 Rb8 33. Bb7 Ng8 34. b5 Ngf6 35. Bc1 Nc5 36. Ba3 Nd7 37. Bc6 Rd8 38. Bxd7 Rxd7 39. Rxd7+ Kxd7 40. Bxc5 bxc5 41. b6 Kc8 42. bxa7 Kc7 43. a8=Q Kd6 44. Qd8+ Kc6 45. a7 Kb5 46. a8=Q e4 47. Qdb8# 1-0


[Site "https://www.chess.com"]

[Event "Titled Tuesday Blitz July 11 Early 2023"]
[White "Mangialardo, Tiago Carvalho"]
[Black "Frolyanov, Dmitry"]
[WhiteFideId "2130718"]
[BlackFideId "4151976"]
[WhiteElo "2118"]
[BlackElo "2539"]
[Result "1-0"]
[Round "1"]
[TimeControl "180+2"]
[Date "2023.07.11"]
[WhiteClock "0:00:04"]
[BlackClock "0:00:05"]
[Board "209"]

1. e4 e5 2. Nf3 Nf6 3. Nxe5 d6 4. Nf3 Nxe4 5. Nc3 Nxc3 6. dxc3 Be7 7. Bf4 O-O 8. Qd2 Nd7 9. O-O-O Nc5 10. Bd3 c6 11. h3 Qa5 12. a3 d5 13. Rhe1 Ne6 14. Be5 b5 15. Nd4 Nxd4 16. Bxd4 Be6 17. Bf5 Bxa3 18. Bxe6 Bd6 19. Qg5 Bf4+ 20. Qxf4 fxe6 21. Qe5 Rf7 22. Re3 Qa1+ 23. Kd2 Rxf2+ 24. Re2 Rxe2+ 25. Kxe2 1-0


[Site "https://www.chess.com"]

[Event "Titled Tuesday Blitz July 11 Early 2023"]
[White "Papayan, Oleg"]
[Black "Tarnowska, Aleksandra"]
[WhiteFideId "4193911"]
[BlackFideId "1180967"]
[WhiteElo "2537"]
[BlackElo "2112"]
[Result "1-0"]
[Round "1"]
[TimeControl "180+2"]
[Date "2023.07.11"]
[WhiteClock "0:01:59"]
[BlackClock "0:00:17"]
[Board "210"]

1. e4 c5 2. d4 cxd4 3. Qxd4 Nc6 4. Qd3 d6 5. Nc3 g6 6. Nf3 Bg7 7. Be2 Nf6 8. O-O O-O 9. Nd5 Nxd5 10. exd5 Bf5 11. Qd1 Nb4 12. c3 Nc2 13. g4 Nxa1 14. gxf5 Qd7 15. fxg6 fxg6 16. Ng5 Qh3 17. Nxh3 1-0


[Site "https://www.chess.com"]

[Event "Titled Tuesday Blitz July 11 Early 2023"]
[White "campochess"]
[Black "Berezin, Viktor"]
[BlackFideId "14107872"]
[WhiteElo "2111"]
[BlackElo "2536"]
[Result "0-1"]
[Round "1"]
[TimeControl "180+2"]
[Date "2023.07.11"]
[WhiteClock "0:00:39"]
[BlackClock "0:00:21"]
[Board "211"]

1. e4 c6 2. d4 d5 3. exd5 cxd5 4. c4 Nf6 5. Nc3 Nc6 6. Bg5 Be6 7. c5 h6 8. Bh4 g5 9. Bg3 Bg7 10. h4 g4 11. Bb5 Nh5 12. Nge2 O-O 13. Ba4 Nxg3 14. fxg3 Na5 15. O-O Nc4 16. Bc2 Ne3 17. Qd3 Nxc2 18. Qxc2 b6 19. b4 a5 20. a3 f5 21. Nf4 Bf7 22. Rad1 axb4 23. axb4 bxc5 24. Qxf5 cxd4 25. Ncxd5 Ra6 26. Qe4 e6 27. Qd3 Rd6 28. Ne3 e5 29. Ne2 Bg6 30. Qc4+ Kh7 31. Nxg4 d3 32. Nc3 Rd4 33. Qc5 Rxg4 34. Rxf8 Qxf8 35. Qxf8 Bxf8 36. Rd2 Bxb4 0-1


[Site "https://www.chess.com"]

[Event "Titled Tuesday Blitz July 11 Early 2023"]
[White "Fiorito, Francisco"]
[Black "Hrescak, Ivana"]
[WhiteFideId "180165"]
[BlackFideId "14613441"]
[WhiteElo "2534"]
[BlackElo "2111"]
[Result "1/2-1/2"]
[Round "1"]
[TimeControl "180+2"]
[Date "2023.07.11"]
[WhiteClock "0:00:17"]
[BlackClock "0:00:12"]
[Board "212"]

1. Nf3 d5 2. g3 Nf6 3. Bg2 Bg4 4. Ne5 Be6 5. b3 c6 6. Bb2 Nbd7 7. Nxd7 Bxd7 8. d3 e6 9. Nd2 Be7 10. e4 O-O 11. O-O h6 12. Qe2 Re8 13. f4 dxe4 14. dxe4 Bc5+ 15. Kh1 a5 16. a4 b5 17. Rad1 Rb8 18. Ba1 bxa4 19. bxa4 Rb4 20. Nb3 Bb6 21. Qd3 Bc8 22. Qe2 Qe7 23. Nd4 Bxd4 24. Rxd4 c5 25. Rxb4 cxb4 26. Rd1 Rd8 27. h3 Bd7 28. Qd3 Kf8 29. Be5 Kg8 30. Bc7 Rc8 31. Bxa5 Bxa4 32. Rd2 Rc3 33. Qd8+ Qxd8 34. Rxd8+ Kh7 35. Bxb4 Rxc2 36. Bd2 Bc6 37. Rd4 Nxe4 38. Bxe4+ Bxe4+ 39. Rxe4 Rxd2 40. Kg1 h5 41. h4 g6 42. Re5 Kg7 43. Ra5 Kf6 44. Rb5 Rd5 45. Rb3 Rd2 46. Rb5 Rd5 47. Rb3 Kf5 48. Rb7 f6 49. Rg7 e5 50. fxe5 fxe5 51. Kf1 Rd2 52. Kg1 e4 53. Kf1 e3 54. Re7 e2+ 55. Rxe2 Rxe2 56. Kxe2 Kg4 57. Kf2 g5 58. hxg5 Kxg5 59. Kf3 h4 60. g4 h3 61. Kg3 h2 62. Kxh2 Kxg4 1/2-1/2


[Site "https://www.chess.com"]

[Event "Titled Tuesday Blitz July 11 Early 2023"]
[White "Marin Masis, Jose Esteban"]
[Black "Rangel, Daniel"]
[WhiteFideId "6508146"]
[BlackFideId "2124475"]
[WhiteElo "2107"]
[BlackElo "2533"]
[Result "0-1"]
[Round "1"]
[TimeControl "180+2"]
[Date "2023.07.11"]
[WhiteClock "0:00:33"]
[BlackClock "0:01:14"]
[Board "213"]

1. e4 c5 2. Nf3 g6 3. d4 cxd4 4. Nxd4 Bg7 5. c4 Nc6 6. Be3 Nf6 7. Nc3 O-O 8. Be2 Nxd4 9. Bxd4 d6 10. O-O Bd7 11. Rc1 Bc6 12. f3 Nd7 13. Bxg7 Kxg7 14. Nd5 Bxd5 15. cxd5 Qb6+ 16. Kh1 Qxb2 17. Rc2 Qb6 18. Qa1+ Kg8 19. Rb1 Qd8 20. Rxb7 Nc5 21. Rb1 Rb8 22. Rcb2 Qc7 23. Rxb8 Rxb8 24. Rb5 Rxb5 25. Bxb5 Qa5 26. Bc6 Nd3 27. h3 Qd2 28. Qf1 h5 29. a4 h4 30. Bb5 Nf4 31. Bd7 Nh5 32. Kg1 Ng3 33. Qb1 a5 34. Bb5 Qe3+ 35. Kh2 Qf2 36. Qg1 Qb2 37. Qb6 Qe5 38. Qd8+ Kg7 39. Qxa5 Ne2+ 40. Kh1 Qa1+ 41. Kh2 Qg1# 0-1


[Site "https://www.chess.com"]

[Event "Titled Tuesday Blitz July 11 Early 2023"]
[White "Rottenwohrer Suarez, Juan"]
[Black "Floresvillar Gonzalez, Luis Migu"]
[WhiteFideId "32068182"]
[BlackFideId "5100542"]
[WhiteElo "2532"]
[BlackElo "2100"]
[Result "1-0"]
[Round "1"]
[TimeControl "180+2"]
[Date "2023.07.11"]
[WhiteClock "0:00:09"]
[BlackClock "0:00:02"]
[Board "214"]

1. c4 c6 2. d4 Nf6 3. Nf3 d5 4. Nc3 dxc4 5. a4 Bf5 6. Ne5 e6 7. f3 Bb4 8. e4 Bg6 9. Bxc4 Nbd7 10. Nxd7 Qxd7 11. O-O O-O 12. Be3 Rad8 13. Qb3 a5 14. Rad1 Qe7 15. Na2 c5 16. Nxb4 cxb4 17. Rd2 Rd7 18. Rfd1 Rc8 19. Bb5 Rdc7 20. d5 exd5 21. exd5 Qd6 22. Bd3 Bxd3 23. Qxd3 h6 24. g3 Rd7 25. Kg2 Rcd8 26. Qb5 Qa6 27. Qxa6 bxa6 28. Bb6 Rb8 29. Bxa5 b3 30. d6 Rbb7 31. Bc3 Ne8 32. Re1 Kf8 33. a5 Rb8 34. h4 Rbd8 35. Be5 f6 36. Bf4 Kf7 37. h5 g5 38. hxg6+ Kxg6 39. Re3 Kf7 40. Rxb3 f5 41. Re3 Nf6 42. Red3 Nh5 43. Be5 Ke6 44. f4 Nf6 45. Bxf6 Kxf6 46. Rb3 Ke6 47. Rb6 Rxd6 48. Rdxd6+ Rxd6 49. Rxd6+ Kxd6 50. Kf3 Kc5 51. g4 fxg4+ 52. Kxg4 Kd5 53. b4 Ke4 54. f5 Ke5 55. b5 axb5 56. a6 b4 57. a7 b3 58. a8=Q b2 59. Qb8+ Kf6 60. Qxb2+ Kf7 61. Qb7+ Kf6 62. Qb6+ Kg7 63. Qg6+ Kh8 64. Qxh6+ Kg8 65. Qe6+ Kh7 66. Qd7+ Kh8 67. Kg5 Kg8 68. Kg6 1-0


[Site "https://www.chess.com"]

[Event "Titled Tuesday Blitz July 11 Early 2023"]
[White "cycygogne"]
[Black "Dushyant Sharma"]
[BlackFideId "25065130"]
[WhiteElo "2100"]
[BlackElo "2530"]
[Result "0-1"]
[Round "1"]
[TimeControl "180+2"]
[Date "2023.07.11"]
[WhiteClock "0:01:08"]
[BlackClock "0:02:32"]
[Board "215"]

1. e4 d5 2. exd5 Nf6 3. Nf3 c6 4. dxc6 Nxc6 5. Bc4 Bg4 6. h3 Bh5 7. d3 e6 8. Be3 Be7 9. Nc3 O-O 10. g4 Bg6 11. Qd2 Nd5 12. Nxd5 exd5 13. Bb3 d4 14. Bf4 Bb4 15. c3 dxc3 16. bxc3 Ba5 17. O-O Qxd3 18. Qxd3 Bxd3 19. Rfe1 Bxc3 20. Rad1 Bxe1 21. Rxe1 Rfe8 22. Rxe8+ Rxe8 23. Ng5 Bg6 24. Kg2 h6 25. Nf3 Be4 26. Kg3 Bxf3 27. Kxf3 Nd4+ 28. Kg2 Nxb3 29. axb3 Re2 30. Kf3 Rb2 0-1


[Site "https://www.chess.com"]

[Event "Titled Tuesday Blitz July 11 Early 2023"]
[White "Pham, Le Thao Nguyen"]
[Black "Lakshmi C"]
[WhiteFideId "12401226"]
[BlackFideId "25035347"]
[WhiteElo "2529"]
[BlackElo "2097"]
[Result "1/2-1/2"]
[Round "1"]
[TimeControl "180+2"]
[Date "2023.07.11"]
[WhiteClock "0:00:22"]
[BlackClock "0:00:06"]
[Board "216"]

1. d4 Nf6 2. c4 e6 3. Nf3 d5 4. Nc3 Be7 5. Bg5 O-O 6. e3 c6 7. Qc2 Nbd7 8. Rd1 Qa5 9. cxd5 cxd5 10. Bd3 h6 11. Bh4 Nb6 12. O-O Bd7 13. a3 Rac8 14. Ne5 Ba4 15. Qe2 Bxd1 16. Rxd1 Na4 17. Nb1 Qb6 18. Bxf6 Bxf6 19. Nd7 Qxb2 20. Nxf6+ gxf6 21. Qg4+ Kh8 22. Qh4 Kg7 23. Qg4+ Kh8 24. Qh4 Kg7 25. Qg4+ Kh8 1/2-1/2


[Site "https://www.chess.com"]

[Event "Titled Tuesday Blitz July 11 Early 2023"]
[White "Winkels, Marcel"]
[Black "Yeritsyan, Hayk"]
[WhiteFideId "1003887"]
[BlackFideId "13307320"]
[WhiteElo "2086"]
[BlackElo "2528"]
[Result "0-1"]
[Round "1"]
[TimeControl "180+2"]
[Date "2023.07.11"]
[WhiteClock "0:00:11"]
[BlackClock "0:00:38"]
[Board "217"]

1. e3 d5 2. f4 Nf6 3. Nf3 Bf5 4. Be2 e6 5. O-O h6 6. d3 Be7 7. Nc3 c6 8. Ne5 O-O 9. Bd2 Nbd7 10. Qe1 Nxe5 11. fxe5 Nd7 12. Qg3 Bh4 13. Qf4 Bg5 14. Qg3 Bh4 15. Qf4 Qg5 16. e4 Bh7 17. Qxg5 Bxg5 18. Bxg5 hxg5 19. d4 Bxe4 20. Nxe4 dxe4 21. Bc4 c5 22. c3 cxd4 23. cxd4 Rac8 24. Bb3 Nb6 25. Rae1 Nc4 26. Bxc4 Rxc4 27. Rd1 Rd8 28. Kf2 Rdxd4 29. Rxd4 Rxd4 30. Ke3 Rd3+ 31. Kxe4 Rd2 32. Rc1 Rxb2 33. Rc8+ Kh7 34. Rc7 Kg6 35. a4 Rb4+ 36. Ke3 Rxa4 37. Rxb7 Ra1 38. h3 a5 39. g4 a4 40. Ra7 a3 41. Kf2 a2 42. Kg2 f6 43. exf6 gxf6 44. Ra6 e5 45. Ra7 e4 46. Ra6 e3 47. Ra7 e2 0-1


[Site "https://www.chess.com"]

[Event "Titled Tuesday Blitz July 11 Early 2023"]
[White "Kuzmin, Roman"]
[Black "Jaivardhan Raj"]
[WhiteFideId "44134932"]
[BlackFideId "25744437"]
[WhiteElo "2527"]
[BlackElo "2074"]
[Result "1-0"]
[Round "1"]
[TimeControl "180+2"]
[Date "2023.07.11"]
[WhiteClock "0:01:57"]
[BlackClock "0:01:04"]
[Board "218"]

1. e4 c5 2. Nf3 e5 3. Nc3 d6 4. Bc4 Nc6 5. d3 Nf6 6. Nd2 Be7 7. Nf1 O-O 8. Ne3 Be6 9. h4 Na5 10. g3 Nxc4 11. dxc4 a6 12. a4 Qc8 13. O-O Ng4 14. Ned5 Bd8 15. Be3 f5 16. exf5 Bxf5 17. Bg5 Bxg5 18. hxg5 e4 19. Ne7+ 1-0


[Site "https://www.chess.com"]

[Event "Titled Tuesday Blitz July 11 Early 2023"]
[White "Roque Sola, Gisela"]
[Black "AdvanceGuard4"]
[WhiteFideId "5120241"]
[WhiteElo "2073"]
[BlackElo "2525"]
[Result "1-0"]
[Round "1"]
[TimeControl "180+2"]
[Date "2023.07.11"]
[WhiteClock "0:00:04"]
[BlackClock "0:00:04"]
[Board "219"]

1. e4 e6 2. d4 d5 3. Nd2 Nf6 4. e5 Nfd7 5. Bd3 Be7 6. Ne2 c5 7. c3 Nc6 8. O-O Rb8 9. f4 b5 10. Nf3 b4 11. f5 Qb6 12. fxe6 fxe6 13. Kh1 Ba6 14. Bxa6 Qxa6 15. Nf4 Nf8 16. dxc5 bxc3 17. bxc3 Bxc5 18. Bd2 Na5 19. Rb1 Rc8 20. Qa4+ Ke7 21. Nxd5+ exd5 22. Bg5+ Kf7 23. Rb5 Bb6 24. Nd2+ Kg8 25. Qf4 Qb7 26. Rxd5 Ne6 27. Qe4 h6 28. Bh4 Nc7 29. c4 Nxc4 30. Rd8+ Rxd8 31. Qxb7 Nxd2 32. Bxd8 Nxf1 33. Bxc7 Bxc7 34. Qxc7 Kh7 35. Qxa7 Rf8 36. Qd4 Ne3 37. Qxe3 Rf1+ 38. Qg1 Rf5 39. e6 Re5 40. Qb1+ Kg8 41. a4 Kf8 42. g3 Rxe6 43. a5 Ra6 44. Qb6 Ra8 45. a6 1-0


[Site "https://www.chess.com"]

[Event "Titled Tuesday Blitz July 11 Early 2023"]
[White "Shturman, Arseniy"]
[Black "Tqebuchava, Zurab"]
[WhiteFideId "34275797"]
[BlackFideId "13601113"]
[WhiteElo "2525"]
[BlackElo "2046"]
[Result "1-0"]
[Round "1"]
[TimeControl "180+2"]
[Date "2023.07.11"]
[WhiteClock "0:00:11"]
[BlackClock "0:00:00"]
[Board "220"]

1. e4 d6 2. d4 g6 3. Nc3 Bg7 4. Nf3 Bg4 5. Be3 c6 6. h4 h5 7. Qd2 Bxf3 8. gxf3 Nd7 9. a3 Qc7 10. Rg1 Ngf6 11. Bh3 O-O-O 12. O-O-O Kb8 13. f4 Bh6 14. f5 Bxe3 15. Qxe3 gxf5 16. Bxf5 Rhg8 17. f3 e6 18. Bh3 Nb6 19. b3 Qe7 20. Kb2 Kc7 21. a4 a6 22. a5 Nbd7 23. Rg5 Rxg5 24. hxg5 Nh7 25. f4 e5 26. dxe5 dxe5 27. Na4 Nhf8 28. Nb6 exf4 29. Qxf4+ Qe5+ 30. Qxe5+ Nxe5 31. Rxd8 Kxd8 32. Na4 Nh7 33. Bf5 Nxg5 34. Nc5 Kc7 35. Kc3 h4 36. Kd4 h3 37. Bxh3 Ng6 38. Bf5 Nf4 39. Ke3 1-0


[Site "https://www.chess.com"]

[Event "Titled Tuesday Blitz July 11 Early 2023"]
[White "Wisdom, Daren"]
[Black "Turzo, Attila"]
[WhiteFideId "7400438"]
[BlackFideId "704954"]
[WhiteElo "2036"]
[BlackElo "2524"]
[Result "0-1"]
[Round "1"]
[TimeControl "180+2"]
[Date "2023.07.11"]
[WhiteClock "0:01:27"]
[BlackClock "0:00:22"]
[Board "221"]

1. e4 d6 2. Nc3 Nf6 3. d4 g6 4. Nf3 Bg7 5. Bg5 a6 6. Qe2 b5 7. O-O-O Bb7 8. e5 Nd5 9. Nxd5 Bxd5 10. Kb1 h6 11. Bc1 O-O 12. b3 Nd7 13. Qe3 c6 14. c4 bxc4 15. Bxc4 Bxc4 16. bxc4 Rb8+ 17. Ka1 Qb6 18. Qb3 Qxb3 19. axb3 Rxb3 20. Nd2 Rd3 21. Nf3 Rxd1 22. Rxd1 dxe5 23. dxe5 Nxe5 24. Bxh6 Nxf3+ 25. Bxg7 Kxg7 26. gxf3 Rb8 27. Ka2 Rb4 28. Rg1 Rxc4 29. Kb3 Rf4 30. Ra1 Rxf3+ 31. Kc4 Rxf2 32. h4 Rf4+ 33. Kc5 Rxh4 34. Kxc6 Re4 35. Kd7 Re6 36. Ra3 g5 37. Ra1 Kg6 38. Ke8 g4 39. Ra3 f5 40. Rc3 f4 41. Kd7 Re3 42. Rc4 e5 43. Ke6 g3 44. Rc8 Kg5 45. Rg8+ Kh4 46. Kf5 Kh3 47. Rh8+ Kg2 48. Re8 f3 49. Rd8 f2 50. Kg5 f1=Q 51. Kg6 Rf3 52. Rd6 Rf6+ 53. Rxf6 Qxf6+ 54. Kxf6 e4 0-1


[Site "https://www.chess.com"]

[Event "Titled Tuesday Blitz July 11 Early 2023"]
[White "Tokman, Ariel"]
[Black "Goughfather"]
[WhiteFideId "117420"]
[WhiteElo "2524"]
[BlackElo "2032"]
[Result "1-0"]
[Round "1"]
[TimeControl "180+2"]
[Date "2023.07.11"]
[WhiteClock "0:00:46"]
[BlackClock "0:00:00"]
[Board "222"]

1. d4 d5 2. c4 c6 3. e3 Nf6 4. Nf3 Bg4 5. cxd5 cxd5 6. Qb3 Qc8 7. Nc3 e6 8. Ne5 Bf5 9. Bd2 Nc6 10. Rc1 Nd7 11. Nf3 Be7 12. Be2 O-O 13. O-O Nb6 14. Na4 Nxa4 15. Qxa4 Qd7 16. Bb5 a6 17. Bxc6 bxc6 18. Qxc6 Qxc6 19. Rxc6 Rfb8 20. b3 Ba3 21. Bc1 Bf8 22. Ne5 Rb7 23. g4 Be4 24. f3 Bg6 25. Nxg6 hxg6 26. Bd2 a5 27. Rb1 a4 28. b4 Rb5 29. a3 1-0


[Site "https://www.chess.com"]

[Event "Titled Tuesday Blitz July 11 Early 2023"]
[White "Blackwhite017"]
[Black "Chor, Kevin"]
[BlackFideId "2090740"]
[WhiteElo "2020"]
[BlackElo "2523"]
[Result "0-1"]
[Round "1"]
[TimeControl "180+2"]
[Date "2023.07.11"]
[WhiteClock "0:00:00"]
[BlackClock "0:01:20"]
[Board "223"]

1. e4 c5 2. Nf3 Nc6 3. d4 cxd4 4. Nxd4 g6 5. Nc3 Bg7 6. Be3 Nf6 7. f3 O-O 8. Qd2 d5 9. exd5 Nxd5 10. Nxd5 Qxd5 11. c3 e5 12. Nxc6 Qxc6 13. Be2 Bf5 14. Rd1 Qa4 15. a3 Bc2 16. Rc1 Bb3 17. Bg5 f6 18. Bh6 Qh4+ 19. g3 Qxh6 20. f4 Rad8 21. Qe3 exf4 22. gxf4 Rfe8 0-1


[Site "https://www.chess.com"]

[Event "Titled Tuesday Blitz July 11 Early 2023"]
[White "Sidletskyi, Ivan"]
[Black "Ismayilova, Khanim"]
[WhiteFideId "14156024"]
[BlackFideId "13429019"]
[WhiteElo "2522"]
[BlackElo "2015"]
[Result "1-0"]
[Round "1"]
[TimeControl "180+2"]
[Date "2023.07.11"]
[WhiteClock "0:01:08"]
[BlackClock "0:00:30"]
[Board "224"]

1. d4 d5 2. Nf3 Nf6 3. e3 Bg4 4. b3 e6 5. Bb2 Bb4+ 6. c3 Bd6 7. Nbd2 O-O 8. h3 Bh5 9. Be2 c5 10. O-O Nc6 11. Rc1 Rc8 12. dxc5 Bxc5 13. c4 Qe7 14. cxd5 Nxd5 15. Ne4 Ba3 16. Bxa3 Qxa3 17. Qd2 Ncb4 18. Nd6 Rxc1 19. Rxc1 Nxa2 20. Ra1 Qxd6 21. Rxa2 a6 22. e4 Qb4 23. exd5 exd5 24. Qxb4 1-0


[Site "https://www.chess.com"]

[Event "Titled Tuesday Blitz July 11 Early 2023"]
[White "Ottosen, David"]
[Black "Brunner, Nicolas"]
[WhiteFideId "2603080"]
[BlackFideId "620246"]
[WhiteElo "2014"]
[BlackElo "2521"]
[Result "0-1"]
[Round "1"]
[TimeControl "180+2"]
[Date "2023.07.11"]
[WhiteClock "0:02:17"]
[BlackClock "0:02:19"]
[Board "225"]

1. e4 e5 2. Nf3 Nf6 3. Bc4 Nxe4 4. Nc3 Nf6 5. d4 exd4 6. Nxd4 Bb4 7. Bg5 O-O 8. O-O h6 9. Bh4 Bxc3 10. bxc3 d5 11. Bd3 c5 12. Nf3 Nc6 13. Re1 Bg4 14. h3 Bh5 15. Rb1 b6 16. c4 d4 17. Be4 Rc8 18. Bd5 g5 19. Bg3 Nxd5 20. cxd5 Qxd5 21. c3 Rfd8 22. cxd4 Nxd4 0-1


[Site "https://www.chess.com"]